 Dungeon Crawl Stone Soup version 0.20.1-1-g8b1a95d (webtiles) character file.

1083 gobwax the Magician (level 8, 0/41 HPs)
             Began as a Deep Elf Air Elementalist on Sept 7, 2017.
             Was a Follower of Sif Muna.
             Slain by a water moccasin (4 damage)
             ... on level 5 of the Dungeon.
             The game lasted 00:14:48 (4636 turns).

gobwax the Magician (Deep Elf Air Elementalist)     Turns: 4636, Time: 00:14:50

Health: 0/41       AC:  3    Str:  3    XL:     8   Next: 8%
Magic:  3/21       EV: 14    Int: 23    God:    Sif Muna [*.....]
Gold:   194        SH:  0    Dex: 19    Spells: 13/22 levels left

rFire    . . .     SeeInvis .   n - -3 halberd (curse)
rCold    + . .     Gourm    .   (shield currently unavailable)
rNeg     . . .     Faith    .   a - +0 robe
rPois    .         Spirit   .   (no helmet)
rElec    .         Reflect  .   k - +0 cloak
rCorr    .         Harm     .   (no gloves)
MR       .....                  (no boots)
Stlth    ++........             (no amulet)
Regen    0.2/turn               w - ring of protection from cold
MPRegen  0.2/turn               (no ring)

@: no status effects
A: agile 2, weak 1
a: Divine Energy, Renounce Religion


You were on level 5 of the Dungeon.
You worshipped Sif Muna.
Sif Muna was aware of your devotion.
You were not hungry.

You visited 1 branch of the dungeon, and saw 5 of its levels.

You collected 194 gold pieces.

Inventory:

Hand Weapons
 i - a +1 dagger of protection
 n - a cursed -3 halberd (weapon)
 o - a +0 whip of electrocution
 s - a +0 blowgun
Missiles
 u - 29 poisoned needles
Armour
 a - a +0 robe (worn)
 k - a +0 cloak (worn)
Jewellery
 w - a ring of protection from cold (left hand)
Wands
 g - a wand of enslavement (1/24)
 v - a wand of polymorph (14/24)
Scrolls
 e - 3 scrolls of identify
 f - 2 scrolls of noise
 r - a scroll of remove curse {unknown}
 x - a scroll of magic mapping {unknown}
 y - a scroll of random uselessness {unknown}
Potions
 d - 2 potions of curing
 j - a potion of heal wounds {unknown}
 m - a potion of ambrosia {unknown}
 t - 2 potions of lignification {unknown}
 z - a potion of degeneration {unknown}
Books
 b - a book of Air

   Spells                             Type                      Level
   a - Shock                          Conjuration/Air              1
   b - Swiftness                      Charms/Air                   2
   c - Static Discharge               Conjuration/Air              3
   d - Airstrike                      Air                          4
   e - Lightning Bolt                 Conjuration/Air              5
Comestibles
 c - 4 bread rations
 h - 2 royal jellies
 l - a chunk of flesh
 q - 2 meat rations


   Skills:
 + Level 3.4 Dodging
 - Level 2.4 Stealth
 + Level 7.8 Spellcasting
 * Level 5.6 Conjurations
 * Level 6.0 Air Magic


You had 13 spell levels left.
You knew the following spells:

 Your Spells              Type           Power        Failure   Level  Hunger
a - Shock                 Conj/Air       ####         1%          1    None
b - Static Discharge      Conj/Air       #####...     1%          3    None
c - Lightning Bolt        Conj/Air       #####.....   17%         5    #####..


Dungeon Overview and Level Annotations

Branches:
Dungeon (5/15)
 Temple: D:4-7

Altars:
Ashenzari
Cheibriados
Ru
Sif Muna
Trog
Uskayaw
Yredelemnul


Innate Abilities, Weirdness & Mutations

You are very agile. (Dex +4)
You are weak. (Str -2)


Message History

The zap hits the water moccasin.
The water moccasin is moderately wounded.
The water moccasin bites you.
* * * LOW HITPOINT WARNING * * *
Casting: Shock
Confirm with . or Enter, or press ? or * to list all spells.
Okay, then.
Casting: Shock
Confirm with . or Enter, or press ? or * to list all spells.
The water moccasin is struck by lightning.
The water moccasin is heavily wounded.
The lightning arcs!
You are struck by lightning.
* * * LOW HITPOINT WARNING * * *
The lightning arcs!
The water moccasin is struck by lightning.
The water moccasin is heavily wounded.
The lightning grounds out.
The water moccasin bites you!
* * * LOW HITPOINT WARNING * * *
The water moccasin bites you.
You die...

....#### ..).+..#
#....# ....##.# #....#
##.....# #....#
##....###### #....#
#.#........####....#
##.#.#<##...[(.#....#
.....#..)....#.#....##
...............S@..?.#
##.#####..#.....#.####
##.# #....###.#.# ...#
#....# #.#.. ####
#....# #.#### ######
#.# ###


You could see a water moccasin.

Vanquished Creatures
  Grinder (D:3)
  Eustachio (D:4)
  2 ogres (D:4)
  A phantom (D:4)
  Blork the orc (D:4)
  2 scorpions (D:4)
  A water moccasin skeleton (D:4)
  An orc wizard (D:3)
  Crazy Yiuf (D:4)
  Natasha (thrice) (D:3)
  A worker ant (D:4)
  4 gnolls (D:2)
  2 adders (D:3)
  2 oozes (D:3)
  A worm (D:3)
  3 dart slugs
  A leopard gecko (D:4)
  10 orcs
  2 giant cockroaches (D:3)
  5 goblins
  4 hobgoblins
  7 kobolds
  A quokka (D:3)
  A ball python (D:1)
  5 bats
  2 frilled lizards (D:1)
  2 gnoll zombies (D:3)
  6 rats
73 creatures vanquished.

Vanquished Creatures (collateral kills)
  A sky beast (D:4)
1 creature vanquished.

Grand Total: 74 creatures vanquished

Notes
Turn   | Place    | Note
-------+----------+-------------------------------------------
     0 | D:1      | gobwax the Deep Elf Air Elementalist began the quest for the Orb.
     0 | D:1      | Reached XP level 1. HP: 10/10 MP: 6/6
   963 | D:2      | Reached XP level 2. HP: 15/15 MP: 0/8
   995 | D:2      | Reached XP level 3. HP: 8/19 MP: 0/10
  1205 | D:2      | Reached skill level 4 in Spellcasting
  1415 | D:2      | Learned a level 3 spell: Static Discharge
  1445 | D:2      | Found a sacrificial altar of Ru.
  1505 | D:2      | Found a deep blue altar of Sif Muna.
  1508 | D:2      | Became a worshipper of Sif Muna the Loreminder
  1639 | D:2      | Found a hide-covered altar of Uskayaw.
  1639 | D:2      | Found a shattered altar of Ashenzari.
  1692 | D:3      | Found a faded altar of an unknown god.
  1701 | D:3      | Reached XP level 4. HP: 24/24 MP: 1/12
  2006 | D:3      | Noticed Natasha
  2010 | D:3      | Killed Natasha
  2237 | D:3      | Found a bloodstained altar of Trog.
  2273 | D:3      | Noticed Natasha
  2282 | D:3      | Killed Natasha
  2303 | D:3      | Reached XP level 5. HP: 15/28 MP: 0/14
  3039 | D:3      | Noticed Natasha
  3042 | D:3      | Killed Natasha
  3042 | D:3      | Reached skill level 5 in Spellcasting
  3137 | D:3      | Noticed Grinder
  3148 | D:3      | Killed Grinder
  3148 | D:3      | Reached skill level 5 in Air Magic
  3148 | D:3      | Reached XP level 6. HP: 32/32 MP: 4/16
  3155 | D:3      | Reached * piety under Sif Muna
  3270 | D:3      | Found a basalt altar of Yredelemnul.
  3307 | D:4      | Noticed Eustachio
  3395 | D:4      | Reached skill level 6 in Spellcasting
  3580 | D:4      | Reached XP level 7. HP: 34/36 MP: 9/18
  3596 | D:4      | Noticed Blork the orc
  3866 | D:4      | Learned a level 5 spell: Lightning Bolt
  3876 | D:4      | Found a runed door.
  3881 | D:4      | Noticed Crazy Yiuf
  3887 | D:4      | Killed Crazy Yiuf
  4113 | D:4      | Killed Eustachio
  4113 | D:4      | Reached skill level 7 in Spellcasting
  4127 | D:4      | Gained mutation: You are weak. (Str -2) [mutagenic meat]
  4128 | D:4      | Gained mutation: You are frail. (-10% HP) [mutagenic meat]
  4129 | D:4      | Gained mutation: You are agile. (Dex +2) [mutagenic meat]
  4130 | D:4      | Gained mutation: You are very agile. (Dex +4) [mutagenic meat]
  4131 | D:4      | Lost mutation: You are frail. (-10% HP) [mutagenic meat]
  4402 | D:4      | Found a snail-covered altar of Cheibriados.
  4430 | D:4      | Reached skill level 5 in Conjurations
  4547 | D:4      | Killed Blork the orc
  4547 | D:4      | Reached XP level 8. HP: 36/41 MP: 0/21
  4591 | D:5      | Entered Level 5 of the Dungeon
  4636 | D:5      | Slain by a water moccasin

Skill      XL: |  1  2  3  4  5  6  7  8 |
---------------+-------------------------+-----
Spellcasting   | 4 5 6 7 |  7.8
Conjurations   | 2 4 5 |  5.6
Air Magic      | 4 5 6 |  6.0
Dodging        | 3 |  3.4
Stealth        | |  2.4

Action                   |  1- 3 |  4- 6 |  7- 9 || total
-------------------------+-------+-------+-------++-------
Melee: Dagger            |     2 |       |       ||     2
       Halberd           |       |     1 |       ||     1
 Cast: Shock             |    59 |    96 |    66 ||   221
       Static Discharge  |       |     4 |     6 ||    10
       Lightning Bolt    |       |       |     3 ||     3
Evoke: Wand              |       |       |     9 ||     9
  Use: Scroll            |     5 |     3 |     1 ||     9
       Potion            |       |       |     3 ||     3
  Eat: Chunk             |     2 |     3 |     6 ||    11
       Fruit             |       |     2 |     1 ||     3
       Meat ration       |       |       |     1 ||     1
Armor: Robe              |     1 |     2 |     2 ||     5
Dodge: Dodged            |     8 |    12 |    19 ||    39
